 Dungeon Crawl Stone Soup version 0.27.0-1-g7a089689b8 (webtiles) character file.

Game seed: 12958566661894845143

27 pkoi the Slasher (level 2, -1/27 HPs)
             Began as a Minotaur Monk on Aug 3, 2021.
             Was a Believer of the Shining One.
             Slain by Terence (6 damage)
             ... on level 2 of the Dungeon.
             The game lasted 00:01:13 (1553 turns).

pkoi the Slasher (Minotaur Monk)                    Turns: 1553, Time: 00:01:14

Health: -1/27      AC:  5    Str: 15    XL:     2   Next: 93%
Magic:  1/1        EV: 12    Int:  7    God:    the Shining One [**....]
Gold:   33         SH:  0    Dex: 12    Spells: 1/1 levels left

rFire    . . .     SeeInvis .   a - +0 falchion
rCold    + . .     Faith    .   (no shield)
rNeg     + . .     Spirit   .   f - +1 leather armour {rC+}
rPois    .         Reflect  .   (helmet restricted)
rElec    .         Harm     .   (no cloak)
rCorr    .         Rampage  .   (no gloves)
Will     .....                  c - +0 pair of boots
Stlth    +.........             (no amulet)
HPRegen  0.09/turn              (no ring)
MPRegen  0.07/turn              (no ring)

@: weak-willed, glowing
A: horns 2, retaliatory headbutt
a: Renounce Religion, Divine Shield


You were on level 2 of the Dungeon.
You worshipped the Shining One.
The Shining One was pleased with you.
You visited 1 branch of the dungeon, and saw 2 of its levels.

You collected 33 gold pieces.

Inventory:

Hand Weapons
 a - a +0 falchion (weapon)
Missiles
 h - 2 boomerangs (quivered)
Armour
 b - a +0 robe
 c - a +0 pair of boots (worn)
 f - a +1 leather armour of cold resistance (worn)
Potions
 d - a potion of curing {unknown}
 e - a potion of might {unknown}
 g - 2 potions of berserk rage {unknown}
 j - a potion of ambrosia


   Skills:
 + Level 3.8 Fighting
 * Level 4.6 Long Blades
 + Level 0.8 Armour
 + Level 3.4 Dodging
 - Level 1.5 Stealth
 + Level 0.0 Invocations


You had one spell level left.
You didn't know any spells.
Your spell library contained the following spells:

 Spells                   Type           Power      Damage    Failure   Level
 Foxfire                  Conj/Fire      0%         2x1d4     50%         1
 Sting                    Tmut/Pois      0%         1d3       50%         1
 Conjure Flame            Conj/Fire      0%         6-21      86%         3
 Sticky Flame             Conj/Fire      0%         2d3       99%         4
 Ignition                 Fire           0%         3d3       100%        8


Dungeon Overview and Level Annotations

Branches:
Dungeon (2/15)

Altars:
The Shining One

Annotations:
D:2 Terence


Innate Abilities, Weirdness & Mutations

You have a pair of horns on your head.
You reflexively headbutt those who attack you in melee.


Message History

i - a scroll labelled ONOACV IRAIG HP restored.
Found 13 poisoned darts.
j - a white potion
Found a stone staircase leading down.
Found a chain mail.
k - a scroll labelled IVVOWE EHUXO
As you read the scroll labelled IVVOWE EHUXO, it crumbles to dust.
Magic quickly surges around you.
It was a scroll of vulnerability.
As you read the scroll labelled ONOACV IRAIG, it crumbles to dust.
It is a scroll of identify.
j - a potion of ambrosia Terence the Incautious comes into view.
He is wielding a +0 morningstar.
Terence says, "Rest in peace."
Found 6 large rocks.
Found 18 bolts.
Found a scroll of identify.
A frilled lizard comes into view.
The frilled lizard hisses angrily.
Terence misses you.
You riposte.
You hit Terence but do no damage. Your headbutt misses Terence.
You hit Terence but do no damage. Terence hits you with a +0 morningstar!
You hit Terence but do no damage. You headbutt Terence.
Terence is lightly wounded.
Terence barely misses you.
You riposte.
You barely miss Terence.
Terence is lightly wounded.
You barely miss Terence.
Terence is lightly wounded.
Terence shouts, "Get ready for death!"
Terence hits you with a +0 morningstar!
* * * LOW HITPOINT WARNING * * *
You hit Terence but do no damage.
Terence is lightly wounded.
Terence completely misses you. You furiously retaliate!
You headbutt Terence.
You riposte.
You hit Terence but do no damage. Your headbutt misses Terence.
Terence is lightly wounded.
You hit Terence. Your headbutt misses Terence.
Terence is moderately wounded.
Terence hits you with a +0 morningstar.
You die...

.......... ..........
####.........
####........(...
##............?..
................ #.##.
#.###...@l......
#....###.#.....@.......
#.....................
##....##..##..........#
##......#..##.........##
..........###.......###
##........# #(......#
.........## #.......#
#.........###.......#
#...................


You could see Terence and a frilled lizard.

Vanquished Creatures
  A dart slug (D:1)
  4 endoplasms
  6 goblins (D:1)
  A hobgoblin (D:1)
  A quokka (D:1)
  3 bats (D:1)
  A frilled lizard (D:1)
  2 kobolds (D:1)
  5 rats
24 creatures vanquished.

Notes
Turn   | Place    | Note
-------+----------+-------------------------------------------
     0 | D:1      | pkoi the Minotaur Monk began the quest for the Orb.
     0 | D:1      | Reached XP level 1. HP: 19/19 MP: 0/0
   260 | D:1      | Reached skill level 4 in Long Blades
   341 | D:1      | Reached XP level 2. HP: 15/26 MP: 1/1
   346 | D:1      | Got Xusy's Papyrus of the Blaze and Shape Shifting
   881 | D:1      | Found a faded altar of an unknown god.
  1463 | D:1      | Became a worshipper of the Shining One
  1463 | D:1      | Reached * piety under the Shining One
  1463 | D:1      | Reached ** piety under the Shining One
  1543 | D:2      | Noticed Terence
  1553 | D:2      | Slain by Terence

Illustrated notes

Levels and vault maps discovered:
D:1:      minmay_arrival_shoal_huts, layout_basic,
          dreamdust_ecumenical_altar_hidden_monk_grotto, serial_bayou_lagoon_a
D:2:      layout_rooms, uniq_terence

Skill      XL: |  1 |
---------------+----+-----
Long Blades    | 4 |  4.6
Fighting       | |  3.8
Armour         | |  0.8
Dodging        | |  3.4
Stealth        | |  1.5

Action                   || total
-------------------------++-------
Melee: Falchion          ||    60
       Headbutt          ||     7
  Use: Scroll            ||     2
 Stab: Sleeping          ||     2
Armor: Robe              ||    10
       Leather armour    ||     6
Dodge: Dodged            ||    33
       Rpst.: Falchion   ||     8
